 Dungeon Crawl Stone Soup version bcrawl-1.21.3 (webtiles) character file.

Game seed: 13494666900256941740

121324 MisterOstroum the Slinger (level 16, 107/122 HPs)
             Began as a Demonspawn Venom Mage on Mar 25, 2020.
             Was a High Priest of Sif Muna.
             Quit the game on level 2 of the Snake Pit on Mar 26, 2020.
             The game lasted 01:45:47 (34889 turns).

MisterOstroum the Slinger (Demonspawn Venom Mage)  Turns: 34889, Time: 01:45:48

Health: 107/122    AC: 14    Str:  9    XL:     16   Next: 32%
Magic:  30/30      EV: 16    Int: 23    God:    Sif Muna [*****.]
Gold:   2335       SH:  7    Dex: 18    Spells: 8/35 levels left

rFire    + . .     SeeInvis .   b - +0 fustibalus
rCold    + . .     Gourm    .   k - +2 buckler {reflect}
rNeg     . . .     Faith    .   n - +1 robe "Kiyl" {rF+ Regen+ rCorr}
rPois    .         Spirit   .   D - +2 hat
rElec    .         Reflect  +   (no cloak)
rCorr    +         Harm     .   B - +2 pair of gloves of Zyipo {rC+ rCorr Dex+4}
MR       +....                  y - +2 pair of boots
Stlth    ++........             (no amulet)
HPRegen  0.70/turn              (no ring)
MPRegen  0.22/turn              (no ring)

@: studying Evocations, divine energy
A: claws 2, slimy green scales 2, foul stench 2, spiny 2, rot immunity
a: Stop Divine Energy, Channel Magic, Forget Spell, Renounce Religion


You were on level 2 of the Snake Pit.
You worshipped Sif Muna.
Sif Muna was extremely pleased with you.
You were not hungry.

You visited 6 branches of the dungeon, and saw 25 of its levels.
You also visited: Ossuary, Bailey and Ice Cave.

You collected 2959 gold pieces.
You spent 624 gold pieces at shops.

Inventory:

Hand Weapons
 a - the +9 lance "Wyrmbane" {slay drac, rPois rF+ rC+ AC+3}
   (You acquired it on level 12 of the Dungeon)

   It affects your AC (+3).
   It protects you from fire.
   It protects you from cold.
   It protects you from poison.
 b - a +0 fustibalus (weapon)
Missiles
 f - 2367 sling bullets
 r - 2389 stones (quivered)
 R - a throwing net {!f!f}
Armour
 k - a +2 buckler of reflection (worn)
 n - the +1 robe "Kiyl" (worn) {rF+ Regen+ rCorr}
   (You found it on level 1 of the Snake Pit)

   It protects you from fire.
   It increases your rate of regeneration.
   It provides partial protection from all sources of acid and corrosion.
 y - a +2 pair of boots (worn)
 B - the +2 pair of gloves of Zyipo (worn) {rC+ rCorr Dex+4}
   (You found it on level 6 of the Lair of Beasts)

   It affects your dexterity (+4).
   It protects you from cold.
   It provides partial protection from all sources of acid and corrosion.
 D - a +2 hat (worn)
 O - +0 ice dragon scales
Jewellery
 A - an uncursed ring of fire
 N - the ring of the Median {*Corrode rElec MP+9 Str+3}
   (You found it on level 8 of the Dungeon)

   [ring of magical power]

   It affects your strength (+3).
   It insulates you from electricity.
   It affects your magic capacity (+9).
   It may corrode you when you take damage.
 S - the ring "Socuxis" {rN++ MP+9 SInv}
   (You acquired it on level 12 of the Dungeon)

   [ring of magical power]

   It greatly protects you from negative energy.
   It affects your magic capacity (+9).
   It lets you see invisible.
 T - an uncursed ring of protection from cold
 Z - an uncursed amulet of the acrobat
Wands
 t - a wand of polymorph (34)
 x - a wand of acid (10)
 z - a wand of disintegration (43)
 K - a wand of enslavement (10)
 M - a wand of scattershot (11)
 V - a wand of iceblast (7)
 W - a wand of flame (17)
 Y - a wand of digging (10)
Scrolls
 g - 6 scrolls of blinking {@r4}
 h - 5 scrolls of teleportation {@r3 !r}
 j - a scroll of magic mapping {@r5 !r}
 l - 3 scrolls of fear {!r}
 u - 5 scrolls of remove curse {@r2}
 C - a scroll of fog {!r}
 P - a scroll of summoning
Potions
 c - 3 potions of berserk rage
 i - 5 potions of lignification {@q6}
 m - 5 potions of might {@q3 !q}
 o - 12 potions of curing {@q1 !q}
 p - 3 potions of flight
 q - 2 potions of resistance
 s - 4 potions of agility {@q5 !q}
 w - 3 potions of haste {@q4 !q}
 F - 2 potions of mutation
 H - 8 potions of heal wounds {@q2 !q}
 J - 3 potions of brilliance
 L - a potion of invisibility
 Q - 2 potions of cancellation
 U - a potion of ambrosia {unknown}
Books
 X - a manual of Evocations
Miscellaneous
 d - a box of beasts
 v - a fan of gales
 E - a lamp of fire
 G - a phantom mirror
Comestibles
 e - 42 rations {!d}


   Skills:
 - Level 10.0 Fighting
 + Level 9.4 Polearms
   Level 1.6(6.1) Staves
 - Level 11.3 Slings
 + Level 5.3 Dodging
 - Level 2.0 Stealth
 - Level 4.0 Shields
 - Level 10.0 Spellcasting
 * Level 6.0 Conjurations
 - Level 5.0 Necromancy
 * Level 6.7 Transmutations
 - Level 6.0 Fire Magic
 - Level 5.0 Air Magic
 - Level 4.0 Earth Magic
 - Level 10.1 Poison Magic
 - Level 10.0 Invocations
 - Level 8.6 Evocations


You had 8 spell levels left.
You knew the following spells:

 Your Spells              Type           Power        Failure   Level  Hunger
a - Mephitic Cloud        Conj/Pois/Air  #####...     1%          3    None
b - Poisonous Vapours     Pois/Air       #####.       1%          2    None
c - Iskenderun's Mystic   Conj           #####...     1%          3    None
d - Irradiate             Conj/Tmut      #####.....   12%         5    ####...
e - Borgnjor's Vile Clut  Necr/Erth      ####......   80%         6    ######.
C - Ignite Poison         Fire/Tmut/Pois #####...     1%          3    None
P - Sting                 Conj/Pois      ####         1%          1    None
Y - Olgreb's Toxic Radia  Pois           ######..     1%          4    #......

Your spell library contained the following spells:

 Spells                   Type           Power        Failure   Level  Hunger
 Animate Skeleton         Necr           N/A          1%          1    None
 Sandblast                Erth           ####..       1%          1    None
 Shock                    Conj/Air       #####        1%          1    None
 Passwall                 Tmut/Erth      #####...     1%          2    None
 Searing Ray              Conj           #####...     1%          2    None
 Sublimation of Blood     Necr           ####......   1%          2    None
 Throw Frost              Conj/Ice       ####..       1%          2    None
 Flaming Arrows           Chrm/Fire      ####....     2%          2    None
 Static Discharge         Air            ####....     2%          3    None
 Stone Arrow              Conj/Erth      ####..       2%          3    None
 Swiftness                Chrm/Air       ###.....     3%          2    None
 Dazzling Spray           Conj/Hex       ####..       4%          3    None
 Inner Flame              Hex/Fire       N/A          4%          3    None
 Apportation              Tloc           ##....       5%          1    None
 Corona                   Hex            ##.....      5%          1    None
 Freeze                   Ice            ##....       5%          1    None
 Infusion                 Chrm           ##......     5%          1    None
 Slow                     Hex            ##......     5%          1    None
 Summon Butterflies       Summ           ##......     5%          1    None
 Venom Bolt               Conj/Pois      #####.....   5%          5    ####...
 Petrify                  Tmut/Erth      #####...     6%          4    #......
 Airstrike                Air            ####......   7%          4    #......
 Summon Scorpions         Summ/Pois      ####....     7%          4    #......
 Ensorcelled Hibernation  Hex/Ice        ##....       9%          2    None
 Tree Form                Hex/Tmut       N/A          14%         4    #......
 Yara's Violent Unravell  Hex/Tmut       ####......   14%         4    #......
 Fulminant Prism          Conj/Hex       ####......   16%         4    #......
 Throw Icicle             Conj/Ice       ####....     16%         4    #......
 Lightning Bolt           Conj/Air       #####.....   16%         5    ####...
 Confuse                  Hex            ##......     17%         3    None
 Tukima's Dance           Hex            ##......     17%         3    None
 Bolt of Magma            Conj/Fire/Erth #####.....   17%         5    ####...
 Lee's Rapid Deconstruct  Erth           ####......   30%         5    ####...
 Poison Arrow             Conj/Pois      #####.....   30%         6    ######.
 Iskenderun's Battlesphe  Conj/Chrm      ####....     41%         5    ####...
 Cause Fear               Hex            ##........   50%         4    #......
 Summon Lightning Spire   Summ/Air       ###.....     50%         5    ####...
 Bolt of Fire             Conj/Fire      #####.....   58%         6    ######.
 Conjure Ball Lightning   Conj/Air       #####.....   65%         6    ######.
 Iron Shot                Conj/Erth      ####......   73%         6    ######.
 Aura of Abjuration       Summ           ##........   83%         5    ####...
 Metabolic Englaciation   Hex/Ice        ##........   83%         5    ####...
 Summon Forest            Summ/Tloc      ##........   83%         5    ####...
 Steam Barrier            Chrm/Fire      ####......   94%         6    ######.
 Death Channel            Chrm/Necr      ###.......   97%         6    ######.
 Orb of Destruction       Conj           #####.....   99%         7    #######
 Mana Rupture             Conj/Hex       ####......   100%        7    #######
 Spellforged Servitor     Conj/Summ      ####......   100%        7    #######
 Ignition                 Fire           #####.....   100%        8    #######
 Shatter                  Erth           ####......   100%        9    #######


Dungeon Overview and Level Annotations

Branches:
Dungeon (12/12)            Temple (1/1) D:5            Lair (6/6) D:8
  Swamp (2/3) Lair:4        Snake (3/3) Lair:2        Slime (0/5) Lair:6
    Orc (1/1) D:11            Elf (0/3) Orc          Vaults (0/3) D:12
 Depths (0/5) D:12

Altars:
Ashenzari
Cheibriados
Fedhas
Gozag
Hepliaklqana
Kikubaaqudgha
Lugonu
Makhleb
Okawaru
Qazlal
Ru
Sif Muna
Trog
Xom
Yredelemnul
Zin
The Shining One
Beogh
Jiyva

Shops:
D:5 }   D:11 !   D:12 ?

Annotations:
D:11 1 runed translucent door, torrenera's ghost, journeyman GnFi
Swamp:2 Bai Suzhen
Snake:3 1 exclusion, Donald


Innate Abilities, Weirdness & Mutations

You have very sharp fingernails.
You are mostly covered in slimy green scales. (AC +3)
You frequently emit foul miasma when damaged in melee.
You are mostly covered in sharp spines.
You are immune to rotting.


Message History

Firing (i - inventory. (/) - cycle)
r - 2398 stones (quivered)
Press: ? - help, Shift-Dir - straight line, f/p - naga
Aim: a naga, wielding a +0 flail and wearing a +0 robe (heavily wounded)
You shoot a stone. The stone hits the naga.
The naga is heavily wounded.
Firing (i - inventory. (/) - cycle)
r - 2397 stones (quivered)
Press: ? - help, Shift-Dir - straight line, f/p - naga
Aim: a naga, wielding a +0 flail and wearing a +0 robe (heavily wounded)
You shoot a stone. The stone barely misses the naga.
The naga spits poison at you. The splash of poison misses you.
Firing (i - inventory. (/) - cycle)
r - 2396 stones (quivered)
Press: ? - help, Shift-Dir - straight line, f/p - naga
Aim: a naga, wielding a +0 flail and wearing a +0 robe (heavily wounded, catching its breath)
You shoot a stone.
The stone hits the naga but does no damage.
The naga is heavily wounded.
Firing (i - inventory. (/) - cycle)
r - 2395 stones (quivered)
Press: ? - help, Shift-Dir - straight line, f/p - naga
Aim: a naga, wielding a +0 flail and wearing a +0 robe (heavily wounded, catching its breath)
You shoot a stone. The stone closely misses the naga.
Firing (i - inventory. (/) - cycle)
r - 2394 stones (quivered)
Press: ? - help, Shift-Dir - straight line, f/p - naga
Aim: a naga, wielding a +0 flail and wearing a +0 robe (heavily wounded, catching its breath)
You shoot a stone. The stone barely misses the naga.
You block the naga's attack.
Firing (i - inventory. (/) - cycle)
r - 2393 stones (quivered)
Press: ? - help, Shift-Dir - straight line, f/p - naga
Aim: a naga, wielding a +0 flail and wearing a +0 robe (heavily wounded, catching its breath)
You shoot a stone.
The stone hits the naga but does no damage.
The naga is heavily wounded.
You block the naga's attack.
Casting: Irradiate (safe; 12% risk of failure)
Confirm with . or Enter, or press ? or * to list all spells.
Aiming: Poisonous Vapours (safe; 1% risk of failure)
Press: ? - help, Dir - move target cursor, f/p - naga
Aim: a naga, wielding a +0 flail and wearing a +0 robe (heavily wounded) Poisonous vapours appear!
The naga misses you.
Casting: Poisonous Vapours (safe; 1% risk of failure)
Confirm with . or Enter, or press ? or * to list all spells.
You ignite the poison in your surroundings!
The naga is engulfed in blazing flames.
The naga spits poison at you. The splash of poison misses you.
Firing (i - inventory. (/) - cycle)
r - 2392 stones (quivered)
Press: ? - help, Shift-Dir - straight line, f/p - naga
Aim: a naga, wielding a +0 flail and wearing a +0 robe (flame, almost dead, catching its breath)
You shoot a stone. The stone hits the naga!
You kill the naga!
Sif Muna accepts your kill.
No target in view!
No target in view!
No target in view!
(D) Dungeon (T) Temple (L) Lair (S) Swamp (P) Snake Pit (M) Slime Pits (O) Orcish Mines (E) Elven Halls (V) Vaults (U) Depths
Where to? (Enter - Snake:2, ? - help)
The mana viper is too close now for your liking.
Things that are here:
76 bolts; a +0 flail; a +0 arbalest
(D) Dungeon (T) Temple (L) Lair (S) Swamp (P) Snake Pit (M) Slime Pits (O) Orcish Mines (E) Elven Halls (V) Vaults (U) Depths
Where to? (Enter - Snake:2, ? - help)
Things that are here:
a +0 battleaxe; a +0 robe; a +0 club
Things that are here:
a +0 flail; a +0 robe; a naga corpse Donald the Adventurer comes into view.
He is wielding a +1 broad axe of chopping and carrying a wand of paralysis (10).
Donald throws a stone.
The stone hits you but does no damage.
Donald throws a stone.
The stone barely misses you.
You see here a +0 war axe.
Things that are here:
a +0 robe; a +0 short sword Donald zaps a wand.
You resist with almost no effort.
There is a stone staircase leading up, spattered with blood here.
Firing (i - inventory. (/) - cycle)
r - 2391 stones (quivered)
Press: ? - help, Shift-Dir - straight line, f - Donald
Aim: Donald, wielding a +1 broad axe of chopping, wearing a +0 plate armour, wearing a +0 medium shield, quivering 161 stones and carrying a wand of paralysis (9)
You shoot a stone.
Donald blocks the stone.
The mana viper hisses angrily.
Donald throws a stone.
The stone hits you!
Firing (i - inventory. (/) - cycle)
r - 2390 stones (quivered)
Press: ? - help, Shift-Dir - straight line, f/p - Donald
Aim: Donald, wielding a +1 broad axe of chopping, wearing a +0 plate armour, wearing a +0 medium shield, quivering 160 stones and carrying a wand of paralysis (9)
You shoot a stone. The naga shouts!
The stone hits Donald but does no damage.
Donald mumbles some strange words.
Donald seems to speed up.
Donald says, "I hate spells."
Donald throws a stone.
The stone hits you!
You climb upwards.
There is a stone staircase leading down here.
Are you sure you want to abandon this character and quit the game? (Confirm with "yes".)
Okay, then.
Unknown command.
Autopickup is now off.
Are you sure you want to abandon this character and quit the game? (Confirm with "yes".)

##......####.####
##........###....#
......##...#..####
.....###)....##
###...##.[...# ###
.#.....))....####.# ###
...............##.# #.#
..........###.....####.#
..........####..@...##.#
...........##....##....#
.....#...........###..##
............(........##
......................# ###
......................###.#
.........................##
........................##
...................###..###


There were no monsters in sight!

Vanquished Creatures
  Gastronok (D:11)
  Kirke (Lair:6)
  A thorn hunter (Swamp:1)
  3 nagarajas
  A frost giant (D:10)
  Aizul (Snake:3)
  Snorg (Lair:5)
  A yaktaur captain (D:12)
  A great orb of eyes (D:10)
  Psyche (D:12)
  7 hydras
  5 naga warriors
  3 ice dragons
  A rakshasa (Snake:2)
  4 centaur warriors
  Erica (Lair:1)
  An ogre mage (D:12)
  2 ghost crabs (Swamp:1)
  5 alligators (Swamp:1)
  3 anacondas
  6 two-headed ogres
  3 death yaks (D:8)
  Urug (Lair:1)
  5 naga sharpshooters
  13 spriggans
  3 shock serpents
  2 salamander mystics (Snake:2)
  An unseen horror (D:10)
  A flayed ghost (D:12)
  2 cyclopes
  A swamp dragon (Swamp:1)
  2 orc knights (Orc)
  A mana viper (Snake:2)
  Pikel (D:6)
  An orc sorcerer (Orc)
  A wolf spider (D:12)
  3 ugly things
  A deep elf mage (D:12)
  6 salamanders
  2 manticores
  17 black mambas
  5 guardian serpents
  7 naga magi
  9 cane toads
  2 ice statues (IceCv)
  7 komodo dragons
  An efreet (D:12)
  3 yaktaurs
  5 rime drakes
  A redback zombie (D:8)
  2 ice devils (D:12)
  A queen bee (Lair:2)
  A troll (shapeshifter) (D:10)
  A troll (D:6)
  6 tyrant leeches (Swamp:1)
  Prince Ribbit (Lair:1)
  6 hornets
  4 polar bears
  10 blink frogs
  5 slime creatures
  2 bog bodies (Swamp:1)
  6 dream sheep (Lair:4)
  8 hippogriffs
  The ghost of Freyura the Conjurer, an amateur FrCj of Sif Muna (D:4)
  A redback (D:11)
  A shadow (D:12)
  A wyvern (Lair:5)
  45 yaks
  Eustachio (D:8)
  Sigmund (D:6)
  A vampire (D:12)
  2 hogs (Lair:6)
  A golden eye (shapeshifter) (D:12)
  15 vampire mosquitoes
  A human (Lair:6)
  A hungry ghost (D:10)
  2 basilisks
  Menkaure (D:6)
  8 swamp worms
  3 wargs (Orc)
  31 nagas
  9 crocodiles
  3 acid dragons
  7 water moccasins
  7 porcupines
  A swamp drake (Swamp:1)
  4 sky beasts
  2 necrophages
  22 orc warriors
  3 black bears (Lair:6)
  4 phantoms
  17 ice beasts
  7 boggarts
  13 centaurs
  2 eyes of draining
  17 wolves (Lair:6)
  13 ogres
  3 big kobolds
  13 bullfrogs
  2 elf zombies (Ossuary)
  A scorpion (D:8)
  2 wyvern skeletons
  39 killer bees
  6 electric eels
  A howler monkey (D:8)
  7 crimson imps
  2 bullfrog zombies (D:5)
  4 centaur zombies
  8 hounds
  5 jellies
  8 orc priests
  15 orc wizards
  4 bullfrog skeletons
  2 centaur skeletons
  Jessica (D:3)
  4 iguanas
  16 worker ants
  A hound zombie (D:7)
  A hound skeleton (D:5)
  2 mummies (Ossuary)
  2 worker ant zombies (D:5)
  A howler monkey zombie (D:6)
  A howler monkey skeleton (D:5)
  3 gnolls (D:6)
  10 adders
  2 river rats (D:8)
  4 shadow imps
  2 oozes
  2 adder skeletons
  4 adder zombies
  A worm (D:3)
  5 dart slugs
  2 leopard geckos
  61 orcs
  A giant cockroach (D:2)
  7 goblins
  4 hobgoblins
  3 jackals (D:4)
  15 kobolds
  6 quokkas
  3 bats
  2 frilled lizards
  3 goblin zombies (Ossuary)
  7 hobgoblin zombies (Ossuary)
  2 jackal skeletons
  A jackal zombie (Ossuary)
  12 kobold zombies (Ossuary)
  A leopard gecko skeleton (D:4)
  9 orc zombies (Ossuary)
  4 rats
  A rat zombie (Ossuary)
  A butterfly (Lair:1)
787 creatures vanquished.

Vanquished Creatures (others)
  2 naga sharpshooters
  A human (Lair:6)
  A wolf (Lair:6)
  3 briar patches (Swamp:1)
  A bush (Lair:2)
  7 fungi
  A plant (Lair:4)
16 creatures vanquished.

Grand Total: 803 creatures vanquished

Notes
Turn   | Place    | Note
-------+----------+-------------------------------------------
     0 | D:1      | MisterOstroum the Demonspawn Venom Mage began the quest for
                  | the Orb.
     0 | D:1      | Reached XP level 1. HP: 13/13 MP: 3/3
   167 | D:1      | Reached skill level 1 in Fighting
   682 | D:2      | Gained mutation: You are partially covered in slimy green
                  | scales. (AC +2) [demonic ancestry]
   682 | D:2      | Reached XP level 2. HP: 21/21 MP: 3/5
   851 | D:2      | Reached skill level 1 in Polearms
   912 | D:2      | Learned a level 2 spell: Poisonous Vapours
  1178 | D:2      | Reached XP level 3. HP: 27/27 MP: 3/6
  1272 | D:2      | Found a blossoming altar of Fedhas.
  1444 | D:3      | Found a corrupted altar of Lugonu.
  2186 | D:3      | Found a basalt altar of Yredelemnul.
  2208 | D:3      | Noticed Jessica
  2212 | D:3      | Killed Jessica
  2307 | D:3      | Found a burning altar of Makhleb.
  2328 | D:3      | Found a glowing golden altar of the Shining One.
  2339 | D:3      | Found a shimmering blue altar of Sif Muna.
  2343 | D:3      | Became a worshipper of Sif Muna the Loreminder
  2728 | D:3      | Gained mutation: You have sharp fingernails. [demonic
                  | ancestry]
  2728 | D:3      | Reached XP level 4. HP: 13/33 MP: 1/7
  2950 | D:4      | Reached skill level 1 in Air Magic
  3231 | D:4      | Noticed an ogre
  3253 | D:4      | Killed an ogre
  3253 | D:4      | Gained mutation: You are partially covered in sharp spines.
                  | [demonic ancestry]
  3253 | D:4      | Reached XP level 5. HP: 39/39 MP: 1/8
  3422 | D:4      | Found a large runed translucent door.
  3422 | D:4      | Found a large runed translucent door.
  3639 | D:4      | Noticed a phantom
  3662 | D:4      | Found a bloodstained altar of Trog.
  3842 | D:4      | Reached XP level 6. HP: 46/46 MP: 5/9
  4135 | D:4      | Noticed Freyura's ghost (amateur FrCj)
  4661 | D:4      | Killed Freyura's ghost
  4661 | D:4      | Reached * piety under Sif Muna
  4661 | D:4      | Reached skill level 1 in Evocations
  4745 | D:5      | Entered Level 5 of the Dungeon
  4764 | D:5      | Found a stormy altar of Qazlal.
  4771 | D:5      | Gained mutation: You are immune to rotting. [demonic
                  | ancestry]
  4771 | D:5      | Reached XP level 7. HP: 52/52 MP: 7/10
  4850 | D:5      | Got an ichor-stained hunting sling
  4851 | D:5      | Identified the cursed +1 hunting sling "Blob" {venom,
                  | Fragile rF+ MP+9 Str+3} (You found it on level 5 of the
                  | Dungeon)
  4995 | D:5      | Reached skill level 5 in Poison Magic
  5167 | D:5      | Found a staircase to the Ecumenical Temple.
  5186 | Temple   | Entered the Ecumenical Temple
  5217 | D:5      | Found Qaguned's Gadget Emporium.
  5269 | D:5      | Identified Jimoff's Reference Book on the Oath (Sif Muna
                  | gifted it to you on level 5 of the Dungeon)
  5269 | D:5      | Received a gift from Sif Muna
  5276 | D:5      | Learned a level 3 spell: Ignite Poison
  5625 | D:5      | Reached XP level 8. HP: 60/60 MP: 11/11
  5791 | D:6      | Reached skill level 1 in Slings
  5845 | D:6      | Reached skill level 2 in Slings
  5935 | D:6      | Found an ancient bone altar of Kikubaaqudgha.
  6076 | D:6      | Reached skill level 3 in Slings
  6197 | D:6      | Noticed Sigmund
  6201 | D:6      | Killed Sigmund
  6201 | D:6      | Reached skill level 4 in Slings
  6262 | D:6      | Noticed a troll
  6285 | D:6      | Found an iron altar of Okawaru.
  6289 | D:6      | Noticed Pikel
  6297 | D:6      | Killed Pikel
  6316 | D:6      | Learned a level 4 spell: Olgreb's Toxic Radiance
  6527 | D:6      | Noticed Menkaure
  6772 | D:6      | Gained mutation: You may emit foul miasma when damaged in
                  | melee. [demonic ancestry]
  6772 | D:6      | Reached XP level 9. HP: 66/66 MP: 12/12
  7063 | D:6      | Killed Menkaure
  7063 | D:6      | Reached ** piety under Sif Muna
  7174 | D:6      | Killed a troll
  7336 | D:7      | Reached skill level 5 in Air Magic
  7342 | D:7      | Identified Sif Muna's Grimoire of Augmentations and Evil
                  | (Sif Muna gifted it to you on level 7 of the Dungeon)
  7342 | D:7      | Received a gift from Sif Muna
  7342 | D:7      | Reached skill level 5 in Fighting
  7508 | D:7      | Found an opulent altar of Gozag.
  8304 | D:7      | Gained mutation: You have very sharp fingernails. [demonic
                  | ancestry]
  8304 | D:7      | Reached XP level 10. HP: 45/76 MP: 16/16
  8312 | D:7      | Reached skill level 5 in Slings
  8582 | D:8      | Found a sand-covered staircase.
  8592 | Ossuary  | Entered an ossuary
  9041 | D:8      | Noticed a green ugly thing
  9041 | D:8      | Noticed Eustachio
  9050 | D:8      | Killed a green ugly thing
  9325 | D:8      | Killed Eustachio
  9333 | D:8      | Noticed a two-headed ogre
  9343 | D:8      | Killed a two-headed ogre
  9343 | D:8      | Reached skill level 5 in Spellcasting
  9818 | D:8      | Got a shimmering brass ring
  9901 | D:8      | Identified the ring of the Median {*Corrode rElec MP+9
                  | Str+3} (You found it on level 8 of the Dungeon)
  9974 | D:8      | Found a staircase to the Lair.
  9977 | D:8      | Reached *** piety under Sif Muna
  9978 | D:8      | Noticed a death yak
  9978 | D:8      | Noticed a death yak
  9984 | D:8      | Identified Bokkol's Grimoire of Air (Sif Muna gifted it to
                  | you on level 8 of the Dungeon)
  9984 | D:8      | Received a gift from Sif Muna
  9986 | D:8      | Noticed a death yak
  9988 | D:8      | Killed a death yak
  9988 | D:8      | Reached skill level 6 in Slings
  9998 | D:8      | HP: 3/79 [death yak (16)]
 10000 | D:8      | Killed a death yak
 10000 | D:8      | Gained mutation: You are mostly covered in sharp spines.
                  | [demonic ancestry]
 10000 | D:8      | Reached XP level 11. HP: 4/84 MP: 1/18
 10422 | D:8      | Found a basalt altar of Yredelemnul.
 10743 | D:8      | Killed a death yak
 11140 | D:9      | Found a shattered altar of Ashenzari.
 11147 | D:9      | Found a hazy altar of Hepliaklqana.
 11242 | D:9      | Reached skill level 10 in Poison Magic
 11830 | D:9      | Reached skill level 7 in Slings
 12008 | Lair:1   | Entered Level 1 of the Lair of Beasts
 12168 | Lair:1   | Noticed Erica
 12173 | Lair:1   | Killed Erica
 12420 | Lair:1   | Noticed Urug
 12435 | Lair:1   | Killed Urug
 12708 | Lair:1   | Noticed Prince Ribbit
 12715 | Lair:1   | Killed Prince Ribbit
 12718 | Lair:1   | Reached skill level 8 in Slings
 13102 | Lair:2   | Found a staircase to the Snake Pit.
 13551 | Lair:2   | Noticed a four-headed hydra
 13557 | Lair:2   | Killed a four-headed hydra
 13557 | Lair:2   | Reached **** piety under Sif Muna
 13594 | Lair:2   | Gained mutation: You are mostly covered in slimy green
                  | scales. (AC +3) [demonic ancestry]
 13594 | Lair:2   | Reached XP level 12. HP: 48/95 MP: 20/20
 13827 | Lair:2   | Identified Sif Muna's Catalogue of the Rocks (Sif Muna
                  | gifted it to you on level 2 of the Lair of Beasts)
 13827 | Lair:2   | Received a gift from Sif Muna
 14150 | Lair:2   | Reached skill level 1 in Invocations
 14307 | Lair:2   | Got an ancient rapier
 14352 | Lair:2   | Reached skill level 5 in Transmutations
 14352 | Lair:2   | Reached skill level 5 in Fire Magic
 14415 | Lair:2   | Noticed a six-headed hydra
 14427 | Lair:2   | Killed a six-headed hydra
 15012 | Lair:3   | Reached skill level 9 in Slings
 15144 | Lair:3   | Got a brightly glowing helmet
 15209 | Lair:3   | Reached skill level 10 in Fighting
 15224 | Lair:3   | Identified the +0 helmet "Qiocwint" {rN+} (You found it on
                  | level 3 of the Lair of Beasts)
 15273 | Lair:3   | Reached skill level 5 in Invocations
 15452 | Lair:3   | Received a gift from Sif Muna
 15760 | Lair:4   | Noticed a five-headed hydra
 16162 | Lair:4   | Noticed a five-headed hydra
 16174 | Lair:4   | Killed a five-headed hydra
 16174 | Lair:4   | Reached XP level 13. HP: 75/103 MP: 23/23
 16453 | Lair:4   | Got a polished rapier
 16506 | Lair:4   | Found a staircase to the Swamp.
 16507 | Lair:4   | Got a steaming flail
 16914 | Lair:5   | Got a smelly chain mail
 17437 | Lair:5   | Noticed Snorg
 17445 | Lair:5   | Killed Snorg
 17824 | Lair:6   | Entered Level 6 of the Lair of Beasts
 17884 | Lair:6   | Found a staircase to the Slime Pits.
 17888 | Lair:6   | Noticed Kirke
 17893 | Lair:6   | Killed Kirke
 17893 | Lair:6   | Reached skill level 10 in Slings
 17893 | Lair:6   | Reached skill level 10 in Invocations
 17952 | Lair:6   | Found a viscous altar of Jiyva.
 18486 | Lair:6   | Reached ***** piety under Sif Muna
 18602 | Lair:6   | Identified Kurghy's Collected Works on Blistering
                  | Confrontation (Sif Muna gifted it to you on level 6 of the
                  | Lair of Beasts)
 18602 | Lair:6   | Received a gift from Sif Muna
 18995 | Lair:6   | Reached skill level 11 in Slings
 19054 | Lair:6   | Got a pair of steaming gloves
 19816 | D:10     | Entered Level 10 of the Dungeon
 19857 | D:10     | Identified the +2 pair of gloves of Zyipo {rC+ rCorr Dex+4}
                  | (You found it on level 6 of the Lair of Beasts)
 19873 | D:10     | Found a flagged portal.
 19905 | Bailey   | Entered a bailey
 20810 | D:10     | Reached XP level 14. HP: 105/110 MP: 27/27
 20816 | D:10     | Reached skill level 1 in Shields
 21069 | D:10     | Identified Sif Muna's Papyrus of Damage Dealing and Calling
                  | (Sif Muna gifted it to you on level 10 of the Dungeon)
 21069 | D:10     | Received a gift from Sif Muna
 21205 | D:10     | Noticed a frost giant
 21210 | D:10     | Killed a frost giant
 21210 | D:10     | Reached skill level 5 in Evocations
 21418 | D:10     | Learned a level 6 spell: Borgnjor's Vile Clutch
 21595 | D:11     | Found Eproliq's Distillery.
 21803 | D:11     | Found a staircase to the Orcish Mines.
 21907 | D:11     | Found a roughly hewn altar of Beogh.
 21999 | D:11     | Reached skill level 1 in Necromancy
 22015 | D:11     | Reached skill level 1 in Earth Magic
 22184 | D:11     | Noticed Gastronok
 22195 | D:11     | Killed Gastronok
 22293 | D:11     | Identified 2 scrolls of acquirement
 22338 | Orc      | Entered the Orcish Mines
 22593 | Orc      | Found a staircase to the Elven Halls.
 22623 | Orc      | Identified Sif Muna's Incunabulum of Igneous Enchantment
                  | (Sif Muna gifted it to you in the Orcish Mines)
 22623 | Orc      | Received a gift from Sif Muna
 22729 | Orc      | Noticed an orc warlord
 22965 | D:11     | Found a runed translucent door.
 22968 | D:11     | Noticed torrenera's ghost (journeyman GnFi)
 23524 | D:12     | Entered Level 12 of the Dungeon
 23526 | D:12     | Identified the ring "Socuxis" {rN++ MP+9 SInv} (You
                  | acquired it on level 12 of the Dungeon)
 23526 | D:12     | Identified Fethra's Grimoire of the Compass (You acquired
                  | it on level 12 of the Dungeon)
 23624 | D:12     | Found a frozen archway.
 23649 | IceCv    | Entered an ice cave
 23666 | IceCv    | Reached skill level 10 in Spellcasting
 24287 | IceCv    | Identified the amulet "Sociarr" {RegenMP rN+ Stlth+} (You
                  | acquired it in an ice cave)
 25320 | D:12     | Reached skill level 1 in Staves
 25423 | D:12     | Got a shimmering glaive
 25676 | D:12     | Noticed Psyche
 25681 | D:12     | Killed Psyche
 25681 | D:12     | Reached XP level 15. HP: 115/115 MP: 29/29
 25718 | D:12     | Found a gate to the Vaults.
 25784 | D:12     | Found Cenij's Magic Scroll Boutique.
 25792 | D:12     | Bought a scroll of acquirement for 624 gold pieces
 25792 | D:12     | Identified the Reference Book on Hurtful Unholy Rituals
                  | (You acquired it on level 12 of the Dungeon)
 25793 | D:12     | Found the +8 lance "Wyrmbane" {slay drac, rPois rF+ rC+
                  | AC+3}
 27151 | Lair:6   | Learned a level 3 spell: Mephitic Cloud
 27245 | Swamp:1  | Entered Level 1 of the Swamp
 27521 | Swamp:1  | Identified Sif Muna's Papyrus of Confrontation (Sif Muna
                  | gifted it to you on level 1 of the Swamp)
 27521 | Swamp:1  | Received a gift from Sif Muna
 28402 | Swamp:1  | Reached skill level 5 in Polearms
 29495 | Swamp:1  | Noticed a thorn hunter
 29518 | Swamp:1  | Killed a thorn hunter
 29984 | Swamp:2  | Noticed Bai Suzhen
 30076 | Snake:1  | Entered Level 1 of the Snake Pit
 31108 | Snake:1  | Got an ancient robe
 31109 | Snake:1  | Identified the +1 robe "Kiyl" {rF+ Regen+ rCorr} (You found
                  | it on level 1 of the Snake Pit)
 31497 | Snake:1  | Noticed a nagaraja
 31509 | Snake:1  | Killed a nagaraja
 32629 | Snake:2  | Identified Sif Muna's Guide on the Freezing Volcanoes (Sif
                  | Muna gifted it to you on level 2 of the Snake Pit)
 32629 | Snake:2  | Received a gift from Sif Muna
 32846 | Snake:2  | Reached skill level 5 in Conjurations
 32846 | Snake:2  | Gained mutation: You frequently emit foul miasma when
                  | damaged in melee. [demonic ancestry]
 32846 | Snake:2  | Reached XP level 16. HP: 112/122 MP: 30/30
 33916 | Snake:2  | Learned a level 3 spell: Iskenderun's Mystic Blast
 33922 | Snake:2  | Learned a level 5 spell: Irradiate
 33933 | Snake:3  | Entered Level 3 of the Snake Pit
 33963 | Snake:3  | Reached skill level 5 in Necromancy
 34107 | Snake:3  | Noticed Aizul
 34170 | Snake:3  | Reached skill level 5 in Dodging
 34507 | Snake:3  | Killed Aizul
 34879 | Snake:3  | Noticed Donald
 34889 | Snake:2  | Quit the game

Skill      XL: |  1  2  3  4  5  6  7  8  9 10 11 12 13 14 15 16 |
---------------+-------------------------------------------------+-----
Fighting       | 1 2 3 4 5 7 9 10 | 10.0
Polearms       | 1 2 8 9 |  9.4
Air Magic      | 1 2 3 4 5 |  5.0
Poison Magic   | 4 5 6 7 9 10 | 10.1
Evocations     | 1 2 4 8 |  8.6
Slings         | 4 6 8 9 11 | 11.3
Transmutations | 2 3 4 5 6 |  6.7
Fire Magic     | 2 3 4 5 6 |  6.0
Spellcasting   | 4 5 7 9 10 | 10.0
Invocations    | 7 10 | 10.0
Shields        | 4 |  4.0
Necromancy     | 4 5 |  5.0
Earth Magic    | 3 4 |  4.0
Staves         | 1 |  1.6
Dodging        | 2 4 5 |  5.3
Conjurations   | 5 6 |  6.0
Stealth        | |  2.0

Action                   |  1- 3 |  4- 6 |  7- 9 | 10-12 | 13-15 | 16-18 || total
-------------------------+-------+-------+-------+-------+-------+-------++-------
Melee: Spear             |    35 |    54 |    24 |       |       |       ||   113
       Short sword       |     1 |       |       |       |       |       ||     1
       Hunting sling     |       |       |     1 |       |       |       ||     1
       Lance             |       |       |       |       |   359 |   123 ||   482
 Fire: Hunting sling     |       |       |   215 |   468 |   696 |       ||  1379
       Fustibalus        |       |       |       |       |       |    16 ||    16
Throw: Stone             |       |     1 |       |       |    18 |     9 ||    28
       Javelin           |       |       |       |     1 |     6 |       ||     7
       Tomahawk          |       |       |       |     2 |       |       ||     2
 Cast: Sting             |    20 |    12 |    13 |     1 |     1 |       ||    47
       Poisonous Vapours |    15 |    20 |    55 |    69 |   163 |    27 ||   349
       Ignite Poison     |       |       |    21 |    74 |   173 |    20 ||   288
       Olgreb's Toxic Ra |       |       |    10 |    46 |    71 |     4 ||   131
       Mephitic Cloud    |       |       |       |       |    23 |     2 ||    25
       Irradiate         |       |       |       |       |       |    12 ||    12
       Iskenderun's Myst |       |       |       |       |       |     7 ||     7
Invok: Divine Energy     |       |     1 |       |       |       |       ||     1
Evoke: Wand              |       |     1 |       |     5 |     6 |     2 ||    14
  Use: Scroll            |     6 |       |     8 |     5 |    23 |     7 ||    49
       Potion            |       |       |       |       |     2 |     2 ||     4
 Stab: Sleeping          |     3 |       |       |       |       |       ||     3
       Confused          |       |       |       |       |     2 |       ||     2
  Eat: Chunk             |     6 |     7 |    16 |    20 |    27 |       ||    76
       Ration            |       |       |     1 |     4 |     9 |     3 ||    17
Armor: Robe              |     6 |    12 |    19 |    40 |     6 |    25 ||   108
       Acid dragon scale |       |       |       |       |   112 |       ||   112
       Ice dragon scales |       |       |       |       |   174 |    28 ||   202
       Skin              |       |       |       |       |    30 |       ||    30
Dodge: Dodged            |    18 |    25 |    48 |    69 |   258 |    93 ||   511
Block: Buckler           |       |       |       |       |   165 |    48 ||   213
       Reflection        |       |       |       |       |    24 |    10 ||    34
